 Dungeon Crawl Stone Soup version 0.19.1 (webtiles) character file.

5900 nikopol the Fighter (level 10, -1/64 HPs)
             Began as a Gargoyle Berserker on Dec 14, 2016.
             Was a High Priest of Trog.
             Shot with an arrow by a centaur warrior (4 damage)
             ... on level 9 of the Dungeon on Dec 18, 2016.
             The game lasted 00:25:03 (8870 turns).

nikopol the Fighter (Gargoyle Berserker)            Turns: 8870, Time: 00:25:04

Health: -1/64      AC: 20    Str: 20    XL:     10   Next: 82%
Magic:  10/10      EV: 10    Int:  9    God:    Trog [*****.]
Gold:   438        SH:  0    Dex: 12    Spells: 0 memorised, 9 levels left

rFire  . . .     SeeInvis .     z - +0 shortbow
rCold  . . .     Gourm    +     w - +0 chain mail
rNeg   + . .     Faith    .     (shield currently unavailable)
rPois  ∞         Spirit   .     (no helmet)
rElec  +         Reflect  .     (no cloak)
rCorr  .         Harm     .     (no gloves)
MR     .....                    l - +0 pair of boots
Stlth  ..........               F - amulet of the gourmand
                                (no ring)
                                N - +1 ring of protection

@: no status effects
A: negative energy resistance 1, electricity resistance, unbreathing,
petrification resistance, rot immunity, AC +7
a: Berserk, Trog's Hand, Brothers in Arms, Burn Spellbooks, Renounce Religion


You were on level 9 of the Dungeon.
You worshipped Trog.
Trog was extremely pleased with you.
You were not hungry.

You visited 1 branch of the dungeon, and saw 9 of its levels.

You collected 476 gold pieces.
You spent 38 gold pieces at shops.

Inventory:

Hand Weapons
 a - a +0 war axe
 z - a +0 shortbow (weapon)
 K - a +0 hand axe
Missiles
 y - 58 arrows (quivered)
Armour
 b - a +0 animal skin
 l - a +0 pair of boots (worn)
 w - a +0 chain mail (worn)
Jewellery
 F - an amulet of the gourmand (around neck)
 N - a +1 ring of protection (left hand)
Scrolls
 n - 8 scrolls of remove curse
 o - 3 scrolls of immolation {unknown}
 r - 2 scrolls of fog {unknown}
 s - 4 scrolls of teleportation {unknown}
 x - 3 scrolls of amnesia {unknown}
 A - a scroll of noise {unknown}
 B - 3 scrolls of enchant armour {unknown}
 E - a scroll of blinking {unknown}
 G - 2 scrolls of enchant weapon {unknown}
 I - 3 scrolls of recharging {unknown}
 L - 3 scrolls of random uselessness {unknown}
 O - 2 scrolls of magic mapping
Potions
 d - 4 potions of curing
 e - 3 potions of heal wounds
 g - a potion of berserk rage
 j - 2 potions of ambrosia
 k - 2 potions of lignification
 p - a potion of cure mutation
 q - a potion of brilliance
 t - a potion of invisibility {unknown}
 C - a potion of might {unknown}
 D - a potion of flight {unknown}
 M - 2 potions of cancellation
 T - a potion of haste {unknown}
Comestibles
 c - 2 bread rations
 f - 16 royal jellies
 h - 3 meat rations
 i - 4 beef jerkies
 u - 3 fruits


   Skills:
 + Level 8.3 Fighting
 * Level 8.2 Axes
 * Level 7.0 Bows
 + Level 7.3 Armour
 + Level 5.7 Dodging


You had 9 spell levels left.
You didn't know any spells.

Dungeon Overview and Level Annotations

Branches:
Dungeon (9/15)             Temple (0/1) D:5
   Lair: D:8-11         Orc: D:9-12

Altars:
Cheibriados
Dithmenos
Fedhas
Gozag
Qazlal
Ru
Xom
Zin
The Shining One

Shops:
D:7 ?   D:8 !

Annotations:
D:4 Natasha


Innate Abilities, Weirdness & Mutations

You are resistant to torment.
Your stone body is resilient. (AC +7)
You are immune to poison.
You resist negative energy. (rN+)
You are resistant to electric shocks. (rElec)
You can survive without breathing.
You are immune to petrification.
You are immune to rotting.


Message History

The arrow freezes you.
* * * LOW HITPOINT WARNING * * *
You see here 2 arrows.
The spriggan baker throws a stone.
The stone barely misses you.
The spriggan baker throws a stone.
The stone hits you but does no damage.
You see here a stone.
The centaur warrior shoots an arrow.
The arrow hits you but does no damage.
You see here an arrow.
The spriggan baker throws a stone.
The stone hits you but does no damage.
You see here a stone.
The spriggan baker throws a stone.
The stone hits you but does no damage.
You see here a stone.
The spriggan baker throws a stone.
The stone hits you but does no damage.
You see here a stone.
The spriggan baker throws a stone.
The stone hits you but does no damage.
You see here a stone.
The centaur warrior shoots an arrow.
The arrow hits you!
* * * LOW HITPOINT WARNING * * *
The arrow freezes you.
You die...

#.###......##.## #........####.#
#######.## #.# ### #.# ##)## #..
#.# ##).)## ####.# #####
#.###.....## ##.##.#
#...###.##<......#
###...#.########....##.#.........
((..(((i(c.(..(.@......'.........
###...#.######.........#.........
##.##.# #.......####.......#
####.# ###...### ##.....## #.#
#...# ##...## ... ##.## #....#
..# #.# ##### #..#.# ### #.#
#...###..#.#
#####.###........#.##


You could see a centaur warrior.

Vanquished Creatures
  Erica (D:8)
  The ghost of SeriousVitamin the Changer, a novice NaTm (D:5)
  A queen bee (D:9)
  A hippogriff (D:8)
  Sigmund (D:2)
  A water moccasin (D:7)
  5 sky beasts
  An orc warrior (D:9)
  2 ice beasts
  A black bear (D:6)
  A phantom (D:9)
  2 centaurs
  2 ogres
  A big kobold (D:8)
  3 bullfrogs
  A wyvern skeleton (D:9)
  2 scorpions (D:9)
  5 wights (D:7)
  24 killer bees
  2 howler monkeys (D:8)
  6 crimson imps
  4 orc priests
  3 hounds
  5 orc wizards
  A bullfrog skeleton (D:4)
  2 jellies
  2 centaur skeletons
  3 worker ants
  Natasha (twice) (D:4)
  3 iguanas
  A hound zombie (D:8)
  A hound skeleton (D:4)
  A howler monkey zombie (D:6)
  11 adders
  4 gnolls (D:5)
  A howler monkey skeleton (D:9)
  3 shadow imps
  An ooze (D:1)
  3 adder zombies
  2 worms
  4 dart slugs
  6 leopard geckos
  24 orcs
  2 ball pythons
  5 giant cockroaches
  10 goblins
  6 hobgoblins
  3 jackals (D:7)
  3 quokkas
  6 bats
  9 frilled lizards
  16 kobolds
  A leopard gecko skeleton (D:7)
  A leopard gecko zombie (D:9)
  9 rats
  2 bushes (D:2)
  2 plants (D:2)
226 creatures vanquished.

Vanquished Creatures (collateral kills)
  3 killer bees (D:9)
3 creatures vanquished.

Grand Total: 229 creatures vanquished

Notes
Turn   | Place    | Note
-------+----------+-------------------------------------------
     0 | D:1      | nikopol the Gargoyle Berserker began the quest for the Orb.
     0 | D:1      | Reached XP level 1. HP: 14/14 MP: 1/1
   351 | D:1      | Reached XP level 2. HP: 13/19 MP: 2/2
   611 | D:1      | Reached XP level 3. HP: 18/24 MP: 3/3
   859 | D:1      | Reached ** piety under Trog
  1146 | D:2      | Noticed Sigmund
  1157 | D:2      | Killed Sigmund
  1157 | D:2      | Reached XP level 4. HP: 29/30 MP: 4/4
  1157 | D:2      | Reached XP level 5. HP: 33/34 MP: 5/5
  2010 | D:3      | Found an opulent altar of Gozag.
  2113 | D:3      | Reached XP level 6. HP: 39/39 MP: 6/6
  3033 | D:4      | Found a blossoming altar of Fedhas.
  3062 | D:4      | Found a snail-covered altar of Cheibriados.
  3271 | D:4      | Noticed Natasha
  3295 | D:4      | Killed Natasha
  3306 | D:4      | Found a faded altar of an unknown god.
  3306 | D:4      | Found a faded altar of an unknown god.
  3311 | D:4      | Found a faded altar of an unknown god.
  3315 | D:4      | Found a shimmering altar of Xom.
  3317 | D:4      | Found a faded altar of an unknown god.
  3359 | D:4      | Noticed Natasha
  3373 | D:4      | Killed Natasha
  3509 | D:4      | Reached skill level 5 in Fighting
  3576 | D:4      | Noticed Natasha
  3712 | D:4      | Reached XP level 7. HP: 44/44 MP: 7/7
  3767 | D:5      | Entered Level 5 of the Dungeon
  3787 | D:5      | Reached *** piety under Trog
  3858 | D:5      | Reached skill level 1 in Bows
  3875 | D:5      | Found a staircase to the Ecumenical Temple.
  3881 | D:5      | Found a glowing golden altar of the Shining One.
  3894 | D:5      | Noticed SeriousVitamin's ghost (novice NaTm)
  3909 | D:5      | Killed SeriousVitamin's ghost
  3909 | D:5      | Reached skill level 5 in Armour
  3909 | D:5      | Reached XP level 8. HP: 29/51 MP: 8/8
  4100 | D:5      | Found a sacrificial altar of Ru.
  4108 | D:5      | Reached skill level 5 in Axes
  4364 | D:5      | Found a glowing silver altar of Zin.
  4576 | D:5      | Found a stormy altar of Qazlal.
  5184 | D:7      | Reached XP level 9. HP: 53/56 MP: 9/9
  5237 | D:7      | Found Fidi's Magic Scroll Shoppe.
  5292 | D:7      | Reached **** piety under Trog
  5354 | D:7      | Bought a scroll of magic mapping for 38 gold pieces
  5763 | D:7      | Received a gift from Trog
  6140 | D:8      | Reached skill level 5 in Bows
  6201 | D:8      | Noticed Erica
  6257 | D:8      | Killed Erica
  6257 | D:8      | Reached skill level 5 in Dodging
  6257 | D:8      | Reached XP level 10. HP: 37/63 MP: 10/10
  6363 | D:8      | Found Siotiot's Distillery.
  6753 | D:8      | Found a shadowy altar of Dithmenos.
  8844 | D:9      | Reached ***** piety under Trog
  8852 | D:9      | Noticed a centaur warrior
  8870 | D:9      | HP: 3/64 [centaur warrior/arrow (11)]
  8870 | D:9      | Shot with an arrow by a centaur warrior

Skill      XL: |  1  2  3  4  5  6  7  8  9 10 |
---------------+-------------------------------+-----
Dodging        | 2 3 4 5 |  5.7
Axes           | 3 4 5 7 8 |  8.2
Fighting       | 4 5 6 7 8 |  8.3
Armour         | 3 4 5 6 7 |  7.3
Bows           | 2 3 5 7 |  7.0

Action                   |  1- 3 |  4- 6 |  7- 9 | 10-12 || total
-------------------------+-------+-------+-------+-------++-------
Melee: Hand axe          |    73 |   414 |     3 |       ||   490
       War axe           |       |       |   377 |   309 ||   686
 Fire: Shortbow          |       |       |   140 |    65 ||   205
Invok: Berserk           |     1 |     1 |     3 |     3 ||     8
       Brothers in Arms  |       |       |       |     2 ||     2
  Use: Scroll            |       |       |       |     9 ||     9
  Eat: Chunk             |     1 |    10 |    12 |    13 ||    36
       Fruit             |       |       |       |     1 ||     1
       Pizza             |       |       |       |     1 ||     1
       Beef jerky        |       |       |       |     1 ||     1
Armor: Animal skin       |    22 |     9 |       |       ||    31
       Chain mail        |       |   141 |   313 |   333 ||   787
Dodge: Dodged            |    34 |    88 |   228 |   269 ||   619
